 Dungeon Sprint DCSS version 0.30-a0-459-g9104f0fc43 (webtiles) character file.

Game seed: 6791573194623746722

25932 BigDaddyOpFi the Green Death (level 13, -1/132 HPs)
             Began as a Hill Orc Fighter on Dec 15, 2022.
             Was a High Priest of Fedhas.
             Collided with a metal wall (10 damage)
             ... caused by a deep elf knight
             ... in the Dungeon (Sprint VII: "The Pits").
             The game lasted 00:08:37 (3396 turns).

BigDaddyOpFi the Green Death (Hill Orc Fighter)     Turns: 3396, Time: 00:08:38

Health: -1/132     AC: 23    Str: 24    XL:     13   Next: 22%
Magic:  21/29      EV: 10    Int:  8    God:    Fedhas [*****.]
Gold:   25         SH:  8    Dex: 13    Spells: 12/12 levels left

rFire   . . .      SeeInvis .    a - +5 broad axe (vorpal)
rCold   . . .      Faith    .    c - +0 buckler
rNeg    . . .      Spirit   .    n - +5 plate armour
rPois   .          Reflect  .    (no helmet)
rElec   .          Harm     .    o - +0 cloak
rCorr   .          Rampage  .    (no gloves)
Will    .....      NoTele   +    (no boots)
Stlth   ..........               (no amulet)
HPRegen 0.42/turn                b - +3 ring of dexterity
MPRegen 0.21/turn                l - +3 ring of evasion

@: no status effects
A: no striking features
a: Renounce Religion, Wall of Briars, Grow Ballistomycete, Overgrow, Grow Oklob


You were in the Dungeon.
You worshipped Fedhas.
Fedhas was extremely pleased with you.
You visited 1 branch You collected 25 gold pieces.

Inventory:

Hand Weapons
 a - a +5 vorpal broad axe (weapon)
Armour
 c - a +0 buckler (worn)
 n - a +5 plate armour (worn)
 o - a +0 cloak (worn)
Jewellery
 b - a +3 ring of dexterity (left hand)
 l - a +3 ring of evasion (right hand)
 r - a ring of see invisible
 u - a ring of protection from cold
Wands
 d - a wand of mindburst (4) (quivered)
 s - a wand of flame (24)
Scrolls
 j - 4 scrolls of blinking
 t - 2 scrolls of identify
 y - 2 scrolls of fog
 z - a scroll of fear
Potions
 e - 9 potions of curing
 f - 9 potions of heal wounds
 g - 2 potions of haste
 h - 3 potions of magic
 i - 2 potions of berserk rage
 k - 2 potions of invisibility
 m - 3 potions of resistance
 q - a potion of lignification
 w - 4 potions of might
Miscellaneous
 p - a condenser vane


   Skills:
 + Level 17.2 Fighting
 + Level 18.4 Axes
 + Level 15.8 Armour
 + Level 15.9 Shields
 * Level 24.9 Invocations


You had 12 spell levels left.
You didn't know any spells.
Your spell library was empty.

Dungeon Overview and Level Annotations

Branches:
Dungeon (1/1)

Altars:
Ashenzari
Cheibriados
Dithmenos
Elyvilon
Fedhas
Gozag
Hepliaklqana
Kikubaaqudgha
Makhleb
Nemelex Xobeh
Okawaru
Qazlal
Ru
Sif Muna
Trog
Uskayaw
Vehumet
Wu Jian
Xom
Yredelemnul
Zin
The Shining One
Beogh
Jiyva
Lugonu


Message History

What are your orders? t - Shout!
Orders for allies: a - Attack new target. r - Retreat! s - Stop attacking. g - Guard the area. f - Follow me.
Anything else - Cancel.
Gang up on whom?
Press: ? - help, Dir - move target There's nothing there!
You hear some strange, mumbled words.
A shard of ice appears from out of thin air!
The shard of ice hits your oklob plant! Something hits your oklob plant.
You walk carefully through the plants.
Something hits you! Something hits your briar patch.
Something completely misses you.
Something hits your briar patch but does no damage.
You barely miss something. Something hits you! Something hits your briar patch!
You barely miss something.
You hear some strange, mumbled words.
A lance of force appears from out of thin air!
The lance of force hits you!!
You are knocked back by the lance of force.
You slam into the metal wall!
Something hits your briar patch!
Your briar patch is destroyed!
Your briar patch disappears in a puff of smoke!
You walk carefully through the plants.
Something completely misses you. Something hits you!
You hear a twanging sound.
An arrow appears from out of thin air!
You block the arrow.
You hear some strange, mumbled words.
A shard of ice appears from out of thin air!
The shard of ice hits you!! Something blocks your attack.
You hear some strange, mumbled words.
A lance of force appears from out of thin air!
The lance of force hits you!!
* * * LOW HITPOINT WARNING * * *
You are knocked back by the lance of force.
You slam into the metal wall!
You die...
Fedhas appreciates your contribution to the ecosystem.

#++############################
#PP.).).......@.PPP............
#PP.)[)........PPPP.)..........
#PP#############{PP############
#PP# #..PP..# #..# #..)...#
#..# #......# #..# ###..###
#..# .... #..# .....


You could see a friendly oklob plant (summoned).

Vanquished Creatures
  A death knight (D)
  A spriggan druid (D)
  A bog body (D)
  A deep elf zephyrmancer (D)
  An orc knight (D)
  2 phantasmal warriors (D)
  A cane toad (D)
  A troll (D)
  Prince Ribbit (D)
  A dream sheep (D)
  2 wraiths (D)
  Eustachio (D)
  A redback (D)
  Pargi (D)
  A floating eye (D)
  An ice beast (D)
  An orc warrior (D)
  2 wolves (D)
  A killer bee (D)
  A hound (D)
  An orc priest (D)
  2 iron imps (D)
  An orc wizard (D)
  An adder (D)
  A river rat (D)
  6 orcs (D)
  A giant cockroach (D)
  8 jackals (D)
  A kobold (D)
  2 quokkas (D)
  2 ball pythons (D)
  A bat simulacrum (D)
  A giant cockroach zombie (D)
  A rat (D)
52 creatures vanquished.

Vanquished Creatures (collateral kills)
  A bone dragon (D)
  Agnes (D)
  A fire giant (D)
  2 orc warlords (D)
  Josephine (D)
  A yaktaur captain (D)
  A death knight (D)
  A boulder beetle (D)
  A sun demon (D)
  A sea snake (D)
  A large abomination (D)
  A deep elf zephyrmancer (D)
  9 orc knights (D)
  A merfolk siren (D)
  An elephant (D)
  2 smoke demons (D)
  A gargoyle (D)
  A freezing wraith (D)
  2 red devils (D)
  6 dream sheep (D)
  5 blink frogs (D)
  2 snapping turtles (D)
  4 wraiths (D)
  A spriggan (D)
  4 yaks (D)
  A chaos spawn (D)
  A swamp drake (D)
  9 wolves (D)
  A phantom (D)
  A scorpion (D)
  3 killer bees (D)
  An iguana (D)
  An orc wizard (D)
  4 orcs (D)
  A bat (D)
75 creatures vanquished.

Vanquished Creatures (others)
  A wandering mushroom (D)
1 creature vanquished.

Grand Total: 128 creatures vanquished

Notes
Turn   | Place    | Note
-------+----------+-------------------------------------------
     0 | D        | BigDaddyOpFi the Hill Orc Fighter began the quest for the
                  | Orb.
     0 | D        | Reached XP level 1. HP: 19/19 MP: 1/1
    29 | D        | Found a glowing golden altar of the Shining One.
    29 | D        | Found a glowing silver altar of Zin.
    29 | D        | Found a basalt altar of Yredelemnul.
    29 | D        | Found a shimmering altar of Xom.
    29 | D        | Found an ornate altar of the Wu Jian Council.
    29 | D        | Found a bloodstained altar of Trog.
    29 | D        | Found a shimmering blue altar of Sif Muna.
    29 | D        | Found a sacrificial altar of Ru.
    29 | D        | Found a stormy altar of Qazlal.
    29 | D        | Found an iron altar of Okawaru.
    29 | D        | Found a sparkling altar of Nemelex Xobeh.
    29 | D        | Found a burning altar of Makhleb.
    29 | D        | Found a viscous altar of Jiyva.
    29 | D        | Found a hazy altar of Hepliaklqana.
    29 | D        | Found an opulent altar of Gozag.
    29 | D        | Found a blossoming altar of Fedhas.
    29 | D        | Found a white marble altar of Elyvilon.
    29 | D        | Found a shadowy altar of Dithmenos.
    29 | D        | Found a snail-covered altar of Cheibriados.
    30 | D        | Found a radiant altar of Vehumet.
    30 | D        | Found a corrupted altar of Lugonu.
    30 | D        | Found a roughly hewn altar of Beogh.
    31 | D        | Found an ancient bone altar of Kikubaaqudgha.
    31 | D        | Found a hide-covered altar of Uskayaw.
    31 | D        | Found a broken altar of Ashenzari.
    34 | D        | Became a worshipper of Fedhas Madash
    49 | D        | Reached XP level 2. HP: 15/28 MP: 2/2
   210 | D        | Noticed a floating eye
   211 | D        | Reached * piety under Fedhas
   212 | D        | Reached skill level 1 in Invocations
   214 | D        | Killed a floating eye
   215 | D        | Reached skill level 5 in Fighting
   215 | D        | Reached skill level 5 in Axes
   215 | D        | Reached skill level 5 in Armour
   215 | D        | Reached skill level 5 in Shields
   215 | D        | Reached skill level 6 in Invocations
   215 | D        | Reached XP level 3. HP: 37/37 MP: 2/7
   215 | D        | Reached XP level 4. HP: 44/44 MP: 2/8
   220 | D        | Reached ** piety under Fedhas
   370 | D        | Noticed Prince Ribbit
   374 | D        | Reached XP level 5. HP: 50/50 MP: 9/9
   376 | D        | Reached *** piety under Fedhas
   395 | D        | Killed Prince Ribbit
   395 | D        | Reached **** piety under Fedhas
   396 | D        | Reached skill level 9 in Invocations
   396 | D        | Reached XP level 6. HP: 33/60 MP: 9/13
   487 | D        | Noticed an ice beast
   500 | D        | Reached skill level 10 in Invocations
   503 | D        | Killed an ice beast
   504 | D        | Reached XP level 7. HP: 68/68 MP: 13/15
   505 | D        | Reached ***** piety under Fedhas
   510 | D        | Reached skill level 11 in Invocations
   697 | D        | Noticed a snapping turtle
   697 | D        | Noticed a bog body
   709 | D        | Killed a bog body
   710 | D        | Reached skill level 10 in Axes
   710 | D        | Reached skill level 13 in Invocations
   710 | D        | Reached XP level 8. HP: 47/78 MP: 7/17
   718 | D        | Killed a snapping turtle
  1148 | D        | Noticed an elephant
  1156 | D        | Killed an elephant
  1157 | D        | Reached skill level 10 in Fighting
  1157 | D        | Reached skill level 14 in Invocations
  1173 | D        | Reached ****** piety under Fedhas
  1176 | D        | Noticed a red devil
  1178 | D        | Killed a red devil
  1179 | D        | Reached XP level 9. HP: 86/86 MP: 14/20
  1201 | D        | Reached skill level 15 in Invocations
  1202 | D        | Reached skill level 10 in Armour
  1202 | D        | Reached skill level 10 in Shields
  1205 | D        | Reached skill level 16 in Invocations
  1552 | D        | Reached XP level 10. HP: 79/97 MP: 13/22
  1555 | D        | Noticed Pargi
  1569 | D        | Killed Pargi
  1595 | D        | Reached skill level 17 in Invocations
  1816 | D        | Noticed a phantasmal warrior
  1829 | D        | Killed a phantasmal warrior
  1833 | D        | Reached skill level 18 in Invocations
  1835 | D        | Noticed a sun demon
  1836 | D        | Noticed a merfolk siren
  1836 | D        | Noticed a cane toad
  1837 | D        | Noticed a smoke demon
  1842 | D        | Killed a sun demon
  1848 | D        | Killed a smoke demon
  1850 | D        | Killed a merfolk siren
  1859 | D        | Killed a cane toad
  1872 | D        | Reached skill level 19 in Invocations
  1872 | D        | Reached XP level 11. HP: 65/107 MP: 24/24
  1876 | D        | Noticed a boulder beetle
  1889 | D        | Killed a boulder beetle
  2135 | D        | Noticed a large abomination
  2135 | D        | Noticed a sea snake
  2146 | D        | Killed a sea snake
  2152 | D        | Killed a large abomination
  2153 | D        | Reached skill level 20 in Invocations
  2162 | D        | Reached skill level 15 in Axes
  2202 | D        | Noticed a phantasmal warrior
  2226 | D        | Killed a phantasmal warrior
  2226 | D        | Noticed a death knight
  2227 | D        | Reached skill level 21 in Invocations
  2231 | D        | Killed a death knight
  2649 | D        | Noticed a deep elf zephyrmancer
  2659 | D        | Killed a deep elf zephyrmancer
  2675 | D        | Noticed Josephine
  2701 | D        | Killed Josephine
  2702 | D        | Reached skill level 15 in Fighting
  2702 | D        | Reached XP level 12. HP: 57/119 MP: 17/26
  2708 | D        | Reached skill level 22 in Invocations
  2742 | D        | Noticed a death knight
  2771 | D        | Killed a death knight
  2833 | D        | Noticed Eustachio
  2845 | D        | Killed Eustachio
  2992 | D        | Noticed a bone dragon
  2996 | D        | Noticed a fire giant
  3003 | D        | Killed a bone dragon
  3009 | D        | Killed a fire giant
  3010 | D        | Reached skill level 23 in Invocations
  3011 | D        | Noticed Agnes
  3011 | D        | Noticed an orc warlord
  3012 | D        | Noticed a yaktaur captain
  3015 | D        | Killed Agnes
  3016 | D        | Reached skill level 15 in Shields
  3018 | D        | Reached skill level 15 in Armour
  3045 | D        | Killed a yaktaur captain
  3046 | D        | Reached skill level 24 in Invocations
  3046 | D        | Killed an orc warlord
  3047 | D        | Reached XP level 13. HP: 86/130 MP: 10/29
  3108 | D        | Noticed an orc warlord
  3122 | D        | Killed an orc warlord
  3396 | D        | Collided with a metal wall

Illustrated notes

Levels and vault maps discovered:
D:        pitsprint [storerooms_1, entrance_room_1, metal_vault_6, armoury_1,
          mini_pit_1, grid_room_1, main_hall_1, silver_pit, the_coven_1,
          the_vestibule_1, steel_vault_5, golden_pit, hallway_of_sentries,
          crystal_vault_1, iron_vault_3, final_vault]

Skill      XL: |  1  2  3  4  5  6  7  8  9 10 11 12 13 |
---------------+----------------------------------------+-----
Fighting       | 4 5 7 8 9 10 11 13 15 16 17 | 17.2
Axes           | 3 5 7 8 10 11 12 14 16 17 18 | 18.4
Armour         | 4 5 6 7 8 9 10 12 13 15 | 15.8
Shields        | 4 5 6 7 8 9 10 12 13 15 | 15.9
Invocations    | 6 9 10 13 14 16 19 21 24 | 24.9

Action                   |  1- 3 |  4- 6 |  7- 9 | 10-12 | 13-15 || total
-------------------------+-------+-------+-------+-------+-------++-------
Melee: War axe           |    13 |    40 |    41 |       |       ||    94
       Broad axe         |       |       |    25 |    59 |     9 ||    93
Invok: Wall of Briars    |       |       |     4 |    11 |     3 ||    18
       Grow Oklob        |       |       |     3 |     9 |     2 ||    14
       Overgrow          |       |       |       |     1 |       ||     1
  Use: Potion            |       |     4 |       |     7 |       ||    11
       Scroll            |       |       |       |     3 |       ||     3
Armor: Scale mail        |     9 |    18 |       |       |       ||    27
       Chain mail        |       |     7 |    17 |       |       ||    24
       Plate armour      |       |       |    14 |    21 |     3 ||    38
Dodge: Dodged            |     4 |    16 |    25 |    29 |     2 ||    76
Block: Buckler           |     3 |    14 |    24 |    23 |     6 ||    70

Table legend: (Time is in decaauts)
 A = Elapsed time spent in this place.
 B = Non-inter-level travel time spent in this place.
 C = Inter-level travel time spent in this place.
 D = Time resting spent in this place.
 E = Time spent auto-exploring this place.
 F = Levels seen in this place.
 G = Mean time per level.
                   A        B        C        D        E       F      G
               +--------+--------+--------+--------+--------+-----+--------+
         Total |   3446 |   3330 |    116 |   2093 |      0 |   1 | 3446.0 |
       Dungeon |   3446 |   3330 |    116 |   2093 |      0 |   1 | 3446.0 |
               +--------+--------+--------+--------+--------+-----+--------+

Top non-repeatable levels by time:
       D: 3446 daAuts
